 Dungeon Crawl Stone Soup version 0.22.1-1-ga44c0e5 (webtiles) character file.

961 Gildeon the Conjurer (level 7, -1/36 HPs)
             Began as a Deep Elf Conjurer on Oct 16, 2018.
             Was a Follower of Makhleb.
             Slain by a wight
             ... wielding a cursed +2 flail of freezing
              (14 damage)
             ... on level 6 of the Dungeon.
             The game lasted 00:35:25 (4717 turns).

Gildeon the Conjurer (Deep Elf Conjurer)            Turns: 4717, Time: 00:35:25

Health: -1/36      AC:  4    Str:  5    XL:     7   Next: 92%
Magic:  1/16       EV: 29    Int: 22    God:    Makhleb [*.....]
Gold:   259        SH:  5    Dex: 15    Spells: 2/16 levels left

rFire    . . .     SeeInvis .   u - +0 dagger
rCold    . . .     Gourm    .   b - +0 buckler
rNeg     . . .     Faith    .   a - +0 robe
rPois    .         Spirit   .   (no helmet)
rElec    .         Reflect  .   h - +1 cloak
rCorr    .         Harm     .   (no gloves)
MR       .....                  (no boots)
Stlth    +++.......             n - amulet of the acrobat
HPRegen  0.12/turn              (no ring)
MPRegen  0.15/turn              (no ring)

@: drained
A: no striking features
a: Renounce Religion


You were on level 6 of the Dungeon.
You worshipped Makhleb.
Makhleb was aware of your devotion.
You were not hungry.

You visited 2 branches of the dungeon, and saw 7 of its levels.

You collected 259 gold pieces.

Inventory:

Hand Weapons
 l - a +2 dagger of electrocution
 u - a +0 dagger (weapon)
Missiles
 d - 33 poisoned needles
Armour
 a - a +0 robe (worn)
 b - a +0 buckler (worn)
 h - a +1 cloak (worn)
 m - a +0 robe of magic resistance
Jewellery
 n - an amulet of the acrobat (around neck)
Wands
 e - a wand of iceblast (11)
 k - a wand of flame (23)
Scrolls
 g - a scroll of fog
 i - a scroll of fear
 t - a scroll of amnesia
Potions
 f - a potion of magic
 j - a potion of lignification
 o - a potion of haste {unknown}
 q - 2 potions of brilliance {unknown}
 s - a potion of resistance {unknown}
Comestibles
 c - 9 rations


   Skills:
 + Level 0.4(0.1) Short Blades
 - Level 5.1(4.7) Dodging
 - Level 5.0(4.7) Stealth
 + Level 3.4(3.1) Shields
 - Level 5.0(4.7) Spellcasting
 + Level 6.6(6.2) Conjurations
 - Level 1.0(0.7) Hexes
 - Level 1.3(1.0) Invocations
 - Level 1.0(0.7) Evocations


You had 2 spell levels left.
You knew the following spells:

 Your Spells              Type           Power        Failure   Level  Hunger
a - Magic Dart            Conj           ####         1%          1    None
b - Searing Ray           Conj           ####..       1%          2    None
c - Dazzling Spray        Conj/Hex       ###...       9%          3    ##.....
d - Iskenderun's Mystic   Conj           ####....     9%          4    ####...
e - Fulminant Prism       Conj/Hex       ###.......   28%         4    ####...

Your spell library contained the following spells:

 Spells                   Type           Power        Failure   Level  Hunger
 Force Lance              Conj/Tloc      ###.....     32%         4    ####...


Dungeon Overview and Level Annotations

Branches:
Dungeon (6/15)             Temple (1/1) D:5

Altars:
Ashenzari
Cheibriados
Dithmenos
Elyvilon
Fedhas
Gozag
Hepliaklqana
Makhleb
Nemelex Xobeh
Okawaru
Ru
Trog
Vehumet
Wu Jian
Xom
Yredelemnul
Zin
The Shining One
Lugonu


Message History

The wight freezes you.
You completely miss the wight.
The wight is almost destroyed.
You barely miss the wight.
The wight is almost destroyed.
The wight misses you.
You barely miss the wight.
The wight is almost destroyed.
The wight hits you with a flail of freezing!
You feel drained. The wight freezes you.
Casting: Magic Dart (safe; 1% risk of failure)
Confirm with . or Enter, or press ? or * to list all spells.
Aiming: Magic Dart (safe; 1% risk of failure)
Press: ? - help, Shift-Dir - straight line, f - wight
Aim: a wight, wielding a flail of freezing and wearing a robe (almost The magic dart hits the wight.
The wight is almost destroyed.
The wight closely misses you.
The wight hits you with a flail of freezing!
You die...

#.# #..# ....... #.##### #
#.###..####........##.....#
#.#.##....?...........#.....#
###.#..#..(####.......#.#.....#
#.........).......#.#.#.#.....#
#####..###..........#.#.......#
#####..###........# #.##....<..
#.......)....z.#.# #.....#####
#.###...###.##@#.# #..........
##......##.#.# #.#.#.#####
#..<.....#.#.####.#.#.#
###.####............#.#.#
#............#.######.#>#
#.#.#..#.#...#.# #.#.#
.......#.#...#.# #...#
.#.#.#........#.# #####
..........#####.#


You could see a wight.

Vanquished Creatures
  An ice beast (D:5)
  A centaur (D:5)
  3 ogres
  A scorpion (D:4)
  3 wights (D:6)
  A hound (D:5)
  A jelly (D:5)
  Jessica (D:3)
  Ijyb (D:5)
  2 orc wizards (D:5)
  3 worker ants
  A hound zombie (D:5)
  2 hound skeletons
  4 adders
  An adder skeleton (D:4)
  2 worms
  2 dart slugs
  A leopard gecko (D:4)
  8 orcs
  8 giant cockroaches
  7 goblins
  4 hobgoblins
  4 quokkas
  2 ball pythons
  8 bats
  2 frilled lizards
  A jackal zombie (D:5)
  4 kobolds
  A quokka skeleton (D:4)
  5 rats
85 creatures vanquished.

Notes
Turn   | Place    | Note
-------+----------+-------------------------------------------
     0 | D:1      | Gildeon the Deep Elf Conjurer began the quest for the Orb.
     0 | D:1      | Reached XP level 1. HP: 10/10 MP: 6/6
   222 | D:1      | Reached XP level 2. HP: 15/15 MP: 4/8
   233 | D:1      | Learned a level 2 spell: Searing Ray
  1063 | D:2      | Reached XP level 3. HP: 19/19 MP: 7/9
  1068 | D:2      | Learned a level 3 spell: Dazzling Spray
  1091 | D:2      | Found an iron altar of Okawaru.
  1201 | D:2      | Found a sparkling altar of Nemelex Xobeh.
  1201 | D:2      | Found a glowing golden altar of the Shining One.
  1202 | D:2      | Found a burning altar of Makhleb.
  1202 | D:2      | Found a shattered altar of Ashenzari.
  1202 | D:2      | Found a blossoming altar of Fedhas.
  1203 | D:2      | Found a shadowy altar of Dithmenos.
  1203 | D:2      | Found a radiant altar of Vehumet.
  1204 | D:2      | Found an ornate altar of the Wu Jian Council.
  1209 | D:2      | Became a worshipper of Makhleb the Destroyer
  1324 | D:2      | Found a faded altar of an unknown god.
  1608 | D:3      | Noticed Jessica
  1624 | D:3      | Killed Jessica
  1624 | D:3      | Reached skill level 1 in Shields
  1663 | D:3      | Reached XP level 4. HP: 24/24 MP: 1/11
  1676 | D:3      | Learned a level 4 spell: Iskenderun's Mystic Blast
  2137 | D:3      | Found a white marble altar of Elyvilon.
  2279 | D:3      | Found a bloodstained altar of Trog.
  2340 | D:4      | Noticed an ogre
  2344 | D:4      | Killed an ogre
  2344 | D:4      | Reached skill level 5 in Conjurations
  2344 | D:4      | Reached XP level 5. HP: 28/28 MP: 9/13
  2723 | D:4      | Noticed an ogre
  2732 | D:4      | Killed an ogre
  2732 | D:4      | Reached XP level 6. HP: 32/32 MP: 7/15
  2738 | D:4      | Learned a level 4 spell: Fulminant Prism
  2939 | D:3      | Found a shadowy altar of Dithmenos.
  3168 | D:5      | Entered Level 5 of the Dungeon
  3294 | D:5      | Found a staircase to the Ecumenical Temple.
  3305 | D:5      | Reached * piety under Makhleb
  3478 | D:5      | Noticed Ijyb
  3485 | D:5      | Killed Ijyb
  3485 | D:5      | Reached skill level 5 in Spellcasting
  3821 | D:5      | Found an opulent altar of Gozag.
  3859 | Temple   | Entered the Ecumenical Temple
  3958 | D:5      | Reached skill level 5 in Stealth
  3958 | D:5      | Reached XP level 7. HP: 23/36 MP: 8/16
  4077 | D:5      | Reached skill level 5 in Dodging
  4077 | D:5      | Reached skill level 6 in Conjurations
  4193 | D:5      | Reached skill level 1 in Hexes
  4395 | D:5      | Reached skill level 1 in Invocations
  4645 | D:6      | Found a basalt altar of Yredelemnul.
  4674 | D:6      | Reached skill level 1 in Evocations
  4717 | D:6      | Slain by a wight

Skill      XL: |  1  2  3  4  5  6  7 |
---------------+----------------------+-----
Stealth        | 3 4 5 |  5.0
Dodging        | 3 4 5 |  5.1
Shields        | 1 2 3 |  3.4
Spellcasting   | 4 5 |  5.0
Conjurations   | 5 6 |  6.6
Hexes          | 1 |  1.0
Invocations    | 1 |  1.3
Evocations     | 1 |  1.0
Short Blades   | |  0.4

Action                   |  1- 3 |  4- 6 |  7- 9 || total
-------------------------+-------+-------+-------++-------
Melee: Short sword       |     6 |    24 |     5 ||    35
       Dagger            |       |       |    11 ||    11
 Cast: Magic Dart        |    63 |    78 |    33 ||   174
       Searing Ray       |     1 |     7 |     8 ||    16
  Use: Scroll            |     4 |     6 |     2 ||    12
       Potion            |       |     4 |       ||     4
 Stab: Sleeping          |     5 |     5 |     2 ||    12
  Eat: Chunk             |     2 |     4 |     2 ||     8
       Ration            |       |     1 |       ||     1
Armor: Robe              |     5 |    13 |     2 ||    20
Dodge: Dodged            |    11 |    42 |    28 ||    81
Block: Buckler           |     3 |     9 |    12 ||    24
